 Dungeon Crawl Stone Soup version 0.21.1-1-g345015f (webtiles) character file.

249 shakethe the Grave Robber (level 5, -3/41 HPs)
             Began as a Demonspawn Necromancer on Feb 19, 2018.
             Killed by nerve-wracking pain
             ... invoked by Grinder
              (14 damage)
             ... on level 5 of the Dungeon.
             The game lasted 00:12:51 (4306 turns).

shakethe the Grave Robber (Demonspawn Necromancer)  Turns: 4306, Time: 00:12:52

Health: -3/41      AC: 11    Str:  8    XL:     5   Next: 87%
Magic:  8/10       EV: 12    Int: 18    God:
Gold:   192        SH:  0    Dex: 13    Spells: 4/11 levels left

rFire    . . .     SeeInvis .   h - +0 whip (venom)
rCold    . . .     Gourm    .   (no shield)
rNeg     . . .     Faith    .   a - +0 robe
rPois    .         Spirit   .   v - +0 helmet
rElec    .         Reflect  .   (no cloak)
rCorr    .         Harm     +   k - +0 pair of gloves (curse)
MR       .....                  j - +0 pair of boots
Stlth    ++........             g - amulet of harm
HPRegen  1.13/turn              (no ring)
MPRegen  0.12/turn              (no ring)

@: sanguine armour, regenerating (expiring)
A: claws 2, sanguine armour 1
a: no special abilities


You were on level 5 of the Dungeon.
You were not hungry.

You visited 1 branch of the dungeon, and saw 5 of its levels.

You collected 192 gold pieces.

Inventory:

Hand Weapons
 h - a +0 whip of venom (weapon)
   (You took it off a kobold on level 1 of the Dungeon)
 o - a +1 short sword of venom
   (You took it off a kobold on level 2 of the Dungeon)
Missiles
 i - 133 stones (quivered)
Armour
 a - a +0 robe (worn)
 j - a +0 pair of boots (worn)
   (You found it on level 1 of the Dungeon)
 k - a cursed +0 pair of gloves (worn)
   (You found it on level 1 of the Dungeon)
 v - a +0 helmet (worn)
   (You found it on level 3 of the Dungeon)
Jewellery
 g - an amulet of harm (around neck)
   (You found it on level 1 of the Dungeon)
 r - an uncursed amulet of guardian spirit {unknown}
   (You found it on level 2 of the Dungeon)
Scrolls
 e - 2 scrolls of magic mapping {unknown}
 l - a scroll of fog {unknown}
 m - 2 scrolls of teleportation
 w - 2 scrolls of random uselessness
 y - a scroll of remove curse {unknown}
Potions
 d - 2 potions of curing
 f - a potion of berserk rage {!q}
 n - a potion of resistance
 p - a potion of mutation {unknown}
 q - 2 potions of ambrosia
 t - a potion of might
 u - a potion of magic {unknown}
 z - a potion of haste
Books
 b - a book of Necromancy
 s - a book of Minor Magic
   (You found it on level 2 of the Dungeon)
Comestibles
 c - 7 rations


   Skills:
 + Level 3.1 Fighting
 - Level 1.7 Dodging
 - Level 1.7 Stealth
 + Level 3.6 Spellcasting
 + Level 5.8 Necromancy


You had 4 spell levels left.
You knew the following spells:

 Your Spells              Type           Power        Failure   Level  Hunger
a - Pain                  Necr           ###.         1%          1    None
r - Regeneration          Chrm/Necr      ##........   14%         3    ###....
x - Vampiric Draining     Necr           ###.......   4%          3    ###....


Dungeon Overview and Level Annotations

Branches:
Dungeon (5/15)
 Temple: D:4-7

Altars:
Ashenzari
Elyvilon

Shops:
D:4 =

Annotations:
D:5 Grinder


Innate Abilities, Weirdness & Mutations

You have very sharp fingernails.
When seriously injured, your bleeding wounds create armour. (AC +6)


Message History

There is an open door here.
You open the door.
There is an open door here.
You open the door.
There is an open door here.
You open the door.
There is an open door here.
c - 7 rations (gained 1)
There is an open door here.
Eating one of 2 chunks of flesh {@w0@w0}.
You eat one of the 2 chunks of flesh {@w0@w0}.
Grinder is too close now for your liking.
There is an open door here.
Grinder is nearby!
Grinder shouts!
There is an open door here.
That item cannot be evoked!
Grinder hits you!
You writhe in agony.
You take 12 damage, and have 29/41 hp.
MASSIVE DAMAGE!!
You can't see any susceptible monsters within range! (Use Z to cast anyway.) Unknown command.
You can't see any susceptible monsters within range! (Use Z to cast anyway.) Unknown command.
Unknown command.
Your skin crawls.
Grinder barely misses you.
You regained 2 hp, and now have 31/41 hp.
You now have 7/10 mp.
You hit Grinder. Grinder hits you but does no damage.
You barely miss Grinder. Grinder hits you.
You barely miss Grinder.
Grinder blinks!
You hit Grinder.
Your skin is crawling a little less now.
Grinder blinks!
You regained 2 hp, and now have 36/41 hp.
Grinder gestures at you. Pain shoots through your body!
Your blood congeals into armour.
There is a stone staircase leading up here.
You take 15 damage, and have 21/41 hp.
MASSIVE DAMAGE!!
Grinder says, "Just stop there for a second..."
You climb upwards.
There is a stone staircase leading down here.
You regained 3 hp, and now have 24/41 hp.
Your skin stops crawling.
Your skin crawls.
You now have 6/10 mp.
Your skin is crawling a little less now.
Your blood armour dries and flakes away.
You regained 2 hp, and now have 32/41 hp.
Your skin stops crawling.
There is an open door here.
MP restored: 10 Health restored: 41 You open the door.
There is an open door here.
There is a stone staircase leading down here.
You climb downwards.
Level annotation: Grinder
There is a stone staircase leading up here.
You open the door.
There is an open door here.
You now have 192 gold pieces (gained 14).
All of the chunks of flesh in your inventory have rotted away.
Okay, then.
You open the door.
There is an open door here.
There is an open door here.
There is an open door here.
There is an open door here.
You close the door.
Grinder opens the door.
You can't see any susceptible monsters within range! (Use Z to cast anyway.) Unknown command.
Your skin crawls.
Grinder closely misses you.
You now have 7/10 mp.
You closely miss Grinder. Grinder barely misses you.
You hit Grinder but do no damage. Grinder gestures at you.
You suddenly lose the ability to move!
Grinder hits you but does no damage. Grinder hits you. Grinder hits you!
You writhe in agony.
Your blood congeals into armour.
You can move again.
You take 15 damage, and have 26/41 hp.
MASSIVE DAMAGE!!
You barely miss Grinder.
Your skin is crawling a little less now.
Grinder gestures at you. You resist with significant effort.
You barely miss Grinder. Grinder gestures at you.
Pain shoots through your body!
You take 11 damage, and have 16/41 hp.
MASSIVE DAMAGE!!
Grinder hits you!
* * * LOW HITPOINT WARNING * * *
You take 8 damage, and have 8/41 hp.
Grinder gestures at you. Pain shoots through your body!
You die...

#.....# .............
#.....# ..............
#.....# ..............
#####'######.........<5...
#...........###########...
#...........# ........#...
#...........# ........#...
#.......5...# ........'...
#........@..# #...# #...
#.......#'#####...##..#...
#.......#.(...........#...
#.......#......<......#...
#.......############..#...
########.... #... ....
#... .... #... .. #...


You could see Grinder.

Vanquished Creatures
  A scorpion (D:4)
  A worker ant (D:4)
  A river rat (D:3)
  4 adders
  A shadow imp (D:5)
  2 adder skeletons
  3 worms
  4 dart slugs
  3 leopard geckos
  8 orcs
  A ball python (D:3)
  4 giant cockroaches
  10 goblins
  7 hobgoblins
  6 jackals
  A quokka (D:4)
  7 bats
  3 frilled lizards
  14 kobolds
  12 rats
93 creatures vanquished.

Notes
Turn   | Place    | Note
-------+----------+-------------------------------------------
     0 | D:1      | shakethe the Demonspawn Necromancer began the quest for the Orb.
     0 | D:1      | Reached XP level 1. HP: 13/13 MP: 3/3
   657 | D:1      | Gained mutation: You have sharp fingernails. [demonic ancestry]
   657 | D:1      | Reached XP level 2. HP: 16/20 MP: 0/5
   861 | D:1      | Reached skill level 1 in Fighting
  1416 | D:2      | Gained mutation: When seriously injured, your bleeding wounds create armour. (AC +6) [demonic ancestry]
  1416 | D:2      | Reached XP level 3. HP: 23/26 MP: 1/6
  1672 | D:2      | Learned a level 3 spell: Regeneration
  1676 | D:2      | Learned a level 3 spell: Vampiric Draining
  1776 | D:2      | Reached skill level 5 in Necromancy
  1782 | D:2      | Found a shattered altar of Ashenzari.
  2216 | D:3      | Reached XP level 4. HP: 28/33 MP: 2/8
  2235 | D:3      | Reached skill level 2 in Fighting
  2469 | D:3      | Reached skill level 3 in Spellcasting
  3040 | D:4      | Found Etohil's Jewellery Shop.
  3052 | D:4      | Gained mutation: You have very sharp fingernails. [demonic ancestry]
  3052 | D:4      | Reached XP level 5. HP: 35/39 MP: 7/9
  3435 | D:4      | Reached skill level 3 in Fighting
  3777 | D:4      | Found a white marble altar of Elyvilon.
  3899 | D:5      | Entered Level 5 of the Dungeon
  3899 | D:5      | Noticed Grinder
  4299 | D:5      | Paralysed by Grinder for 3 turns
  4304 | D:5      | HP: 8/41 [Grinder (9)]
  4306 | D:5      | Killed from afar by Grinder

Skill      XL: |  1  2  3  4  5 |
---------------+----------------+-----
Fighting       | 1 2 3 |  3.1
Necromancy     | 5 |  5.8
Spellcasting   | 3 |  3.6
Dodging        | |  1.7
Stealth        | |  1.7

Action                   |  1- 3 |  4- 6 || total
-------------------------+-------+-------++-------
Melee: Short sword       |     7 |       ||     7
       Whip              |    26 |    73 ||    99
Throw: Stone             |     2 |       ||     2
 Cast: Pain              |    67 |    57 ||   124
       Regeneration      |       |     3 ||     3
  Use: Scroll            |       |     8 ||     8
  Eat: Chunk             |     4 |     7 ||    11
Armor: Robe              |     5 |    26 ||    31
Dodge: Dodged            |    26 |    42 ||    68

Vault maps used:
D:1:      saegor_arrival_simple_f
D:2:      old_standard_altar
D:3:      portal_sewer_entry_e
D:4:      elyvilon_altar_3, serial_shops,
          nicolae_shop_temple_entry_statues_fountains, first_ration
D:5:      led_sif_book, uniq_crazy_yiuf_cottage, uniq_duvessa, uniq_grinder

Table legend:
 A = Turns spent in this place as a percentage of turns spent in the entire game.
 B = Non-inter-level travel turns spent in this place as a percentage of non-inter-level travel turns spent in the entire game.
 C = Inter-level travel turns spent in this place as a percentage of turns spent in this place.
 D = Turns resting spent in this place as a percentage of non-inter-level travel turns spent in this place.
 E = Turns spent auto-exploring this place as a percentage of non-inter-level travel turns spent in this place.
 F = Non-inter-level travel turns spent in this place divided by the number of levels of this place that you've seen.
                   A       B       C       D       E      F
               +-------+-------+-------+-------+-------+----------------------
         Total | 100.0 | 100.0 |   2.4 |  21.0 |  47.4 | 840.6
       Dungeon | 100.0 | 100.0 |   2.4 |  21.0 |  47.4 | 840.6
               +-------+-------+-------+-------+-------+----------------------

Table legend:
 A = Kills in this place as a percentage of kills in entire the game.
 B = Kills by you in this place as a percentage of kills by you in the entire game.
 C = Kills by friends in this place as a percentage of kills by friends in the entire game.
 D = Other kills in this place as a percentage of other kills in the entire game.
 E = Experience gained in this place as a percentage of experience gained in the entire game.
 F = Experience gained in this place divided by the number of levels of this place that you have seen.
                   A       B       C       D       E      F
               +-------+-------+-------+-------+-------+----------------------
         Total | 100.0 | 100.0 |   N/A |   N/A | 100.0 |  71.4
       Dungeon | 100.0 | 100.0 |   N/A |   N/A | 100.0 |  71.4
               +-------+-------+-------+-------+-------+----------------------
